 Dungeon Crawl Stone Soup version 0.26.0-8-g74fc34ddfb (webtiles) character file.

Game seed: 13626943157841925192

130 Froggeryz the Cudgeller (level 5, -2/32 HPs)
             Began as a Gargoyle Fighter on Jan 12, 2021.
             Slain by an orc
             ... wielding a +2 morningstar of protection
              (7 damage)
             ... on level 3 of the Dungeon.
             The game lasted 00:01:40 (1832 turns).

Froggeryz the Cudgeller (Gargoyle Fighter)          Turns: 1832, Time: 00:01:41

Health: -2/32      AC: 12    Str: 21    XL:     5   Next: 14%
Magic:  5/5        EV:  7    Int:  8    God:
Gold:   138        SH:  9    Dex:  9    Spells: 4/4 levels left

rFire    + + .     SeeInvis .   a - +0 flail
rCold    + . .     Faith    .   c - +0 kite shield
rNeg     + . .     Spirit   .   b - +0 scale mail
rPois    ∞         Reflect  .   (no helmet)
rElec    +         Harm     .   p - scarf {rC+ rF+}
rCorr    .         Rampage  .   f - +0 pair of gloves
Will     .....                  (no boots)
Stlth    ..........             (no amulet)
HPRegen  0.10/turn              n - ring of protection from fire
MPRegen  0.09/turn              (no ring)

@: slowed, very slow
A: negative energy resistance 1, electricity resistance, unbreathing,
petrification resistance, miasma immunity, AC +4
a: no special abilities


You were on level 3 of the Dungeon.
You visited 1 branch of the dungeon, and saw 3 of its levels.

You collected 138 gold pieces.

Inventory:

Hand Weapons
 a - a +0 flail (weapon)
Armour
 b - a +0 scale mail (worn)
 c - a +0 kite shield (worn)
 f - a +0 pair of gloves (worn)
 p - a scarf of resistance (worn)
Jewellery
 n - a ring of protection from fire (left hand)
Scrolls
 g - a scroll of enchant armour {unknown}
 h - 4 scrolls of identify {unknown}
 i - 2 scrolls of enchant weapon {unknown}
 j - a scroll of remove curse {unknown}
 k - a scroll of fog {unknown}
 o - a scroll of teleportation {unknown}
Potions
 d - a potion of might
 l - 2 potions of mutation {unknown}
 m - a potion of invisibility {unknown}


   Skills:
 - Level 3.2 Fighting
 * Level 5.2 Maces & Flails
 - Level 3.2 Armour
 - Level 3.2 Shields


You had 4 spell levels left.
You didn't know any spells.
Your spell library was empty.

Dungeon Overview and Level Annotations

Branches:
Dungeon (3/15)

Altars:


Innate Abilities, Weirdness & Mutations

You are resistant to torment.
Your stone body is resilient. (AC +4)
You are immune to poison.
You resist negative energy. (rN+)
You are resistant to electric shocks. (rElec)
You can survive without breathing.
You are immune to petrification.
You are immune to miasma.


Message History

The hobgoblin hits you with a +0 club. You block the orc's attack.
The orc hits you but does no damage.
Your Maces & Flails skill increases to level 5!
You have reached level 5!
You are too injured to fight recklessly!
You block the bat's attack.
The orc hits you with a +2 morningstar of protection.
* * * LOW HITPOINT WARNING * * *
The bat hits you but does no damage.
The hobgoblin hits you but does no damage.
You block the orc's attack. The bat barely misses you.
You block the bat's attack. You block the orc's attack.
You block the bat's attack. The orc hits you but does no damage.
You block the bat's attack. You block the bat's attack.
The orc hits you but does no damage. The bat hits you but does no damage.
The orc hits you with a +2 morningstar of protection!
You die...

#.....)[....#
#.#.....#.#.#
#...g.#.#.#
#..#g...#.#
#..#.####.#
.#. #.o....#
....#......#
.......Kbo).#
..#..##.@...#
#.......###
#........<#
##......###
#......#
#......#
...###### .#.
#


You could see 2 orcs, 2 hobgoblins, a bat and a kobold.

Vanquished Creatures
  An orc wizard (D:3)
  A gnoll (D:1)
  An adder (D:2)
  3 worms (D:2)
  2 dart slugs (D:1)
  2 leopard geckos (D:1)
  An orc (D:3)
  2 giant cockroaches (D:1)
  6 goblins
  6 hobgoblins
  12 jackals
  7 kobolds
  8 bats
  8 frilled lizards
  3 rats (D:1)
63 creatures vanquished.

Vanquished Creatures (others)
  A rat (D:3)
1 creature vanquished.

Grand Total: 64 creatures vanquished

Notes
Turn   | Place    | Note
-------+----------+-------------------------------------------
     0 | D:1      | Froggeryz the Gargoyle Fighter began the quest for the Orb.
     0 | D:1      | Reached XP level 1. HP: 14/14 MP: 1/1
    86 | D:1      | Reached XP level 2. HP: 18/19 MP: 2/2
   134 | D:1      | Reached skill level 3 in Maces & Flails
   484 | D:1      | Reached XP level 3. HP: 23/23 MP: 3/3
   707 | D:1      | Reached skill level 4 in Maces & Flails
  1021 | D:2      | Reached XP level 4. HP: 28/28 MP: 4/4
  1825 | D:3      | Reached skill level 5 in Maces & Flails
  1825 | D:3      | Reached XP level 5. HP: 10/32 MP: 5/5
  1832 | D:3      | Slain by an orc

Illustrated notes

Levels and vault maps discovered:
D:1:      mrwooster_arrival_arrow, layout_loops_ring, hex_tiny,
          corexii_leaking_fountain
D:2:      layout_loops_ring
D:3:      layout_basic, lemuel_old_faithful

Skill      XL: |  1  2  3  4 |
---------------+-------------+-----
Maces & Flails | 3 4 5 |  5.2
Fighting       | |  3.2
Armour         | |  3.2
Shields        | |  3.2

Action                   |  1- 3 |  4- 6 || total
-------------------------+-------+-------++-------
Melee: Flail             |   131 |   121 ||   252
Armor: Scale mail        |    84 |    83 ||   167
Dodge: Dodged            |    48 |    42 ||    90
Block: Kite shield       |    76 |    76 ||   152
